[Event "Team 45 45 League T52"]
[Site "Internet Chess Club"]
[Date "2012.02.21"]
[Round "1"]
[White "BotanicalKnight"]
[Black "Juan73"]
[Result "0-1"]
[WhiteElo "1510"]
[BlackElo "1730"]
[Opening "Bishop's opening: Classical variation"]
[ECO "C23"]
[Time "19:35:50"]
[TimeControl "2700+45"]

1. e4 e5 2. Bc4 Bc5 3. Nc3 Nc6 4. Qg4 g6 5. Qf3 Qf6 6. Qg3 Nge7 7. Nge2 h5 8. h4
Na5 9. Bb3 Nxb3 10. axb3 c6 11. d3 Qe6 12. f4 d6 13. Na4 Bb4+ 14. Bd2 Bxd2+ 15.
Kxd2 a6 16. Nb6 Rb8 17. Nxc8 Rxc8 18. Rhf1 O-O 19. f5 Qf6 20. fxg6 Qxg6 21. Qh3
Qg4 22. Qxg4+ hxg4 23. Rf6 Rcd8 24. Raf1 Kg7 25. c3 Ng6 26. g3 Nf4 27. Rf5 Nxe2
28. Kxe2 f6 29. b4 Ra8 30. Kd2 a5 31. bxa5 Rxa5 32. Kc2 d5 33. exd5 Rxd5 34.
R1f2 Rd6 35. Rf1 Ra8 36. R5f2 b5 37. Rf5 c5 38. R5f2 Rad8 39. Rf5 Kg6 40. R1f2
Ra8 41. Rf1 Rad8 42. R1f2 R8d7 43. Rf1 c4 44. dxc4 bxc4 45. R5f2 Ra7 46. Kb1
Raa6 47. Kc2 Rd3 48. Rg1 Rad6 49. Rgg2 Re3 50. Rd2 Rxd2+ 51. Kxd2 Rd3+ 52. Kc2
e4 53. b3 cxb3+ 54. Kxb3 Kh5 55. Kc2 f5 56. Rg1 f4 57. gxf4 Kxh4 58. c4 g3 59.
Re1 Rf3 60. Rxe4 g2 61. Re2 g1=Q {White resigns} 0-1

[Event "Team 45 45 League T52"]
[Site "Internet Chess Club"]
[Date "2012.02.20"]
[Round "1"]
[White "PostMike"]
[Black "sockmonkey"]
[Result "1-0"]
[WhiteElo "1444"]
[BlackElo "1333"]
[Opening "Caro-Kann: classical, Spassky variation"]
[ECO "B19"]
[Time "14:31:35"]
[TimeControl "2700+45"]

1. e4 c6 2. d4 d5 3. Nc3 dxe4 4. Nxe4 Bf5 5. Ng3 Bg6 6. h4 h6 7. Nf3 Nd7 8. h5
Bh7 9. Bd3 Bxd3 10. Qxd3 e6 11. Bf4 Qa5+ 12. Bd2 Qc7 13. O-O-O Ngf6 14. Ne5 Nxe5
15. dxe5 Qxe5 16. Rhe1 Qd5 17. Qxd5 cxd5 18. Bc3 Be7 19. Bxf6 gxf6 20. Ne2 O-O-O
21. g4 Rhg8 22. f3 Kb8 23. Nd4 e5 24. Nf5 Bf8 25. c3 b5 26. Re2 Rh8 27. Red2 d4
28. cxd4 Rc8+ 29. Rc2 Rxc2+ 30. Kxc2 Kc7 31. dxe5 fxe5 32. Rd5 a6 33. Rxe5 Bd6
34. Rd5 Bf4 35. Rd4 Bg5 36. f4 Bd8 37. Rd6 f6 38. Rxa6 Kb7 39. Re6 Kc7 40. Kb3
Rh7 41. a4 bxa4+ 42. Kxa4 Rd7 43. Re4 Kb6 44. Nxh6 Ra7+ 45. Kb3 Kb5 46. Nf5 Rd7
47. Rd4 Rxd4 48. Nxd4+ Kb6 49. Nf5 Kc6 50. h6 {Black resigns} 1-0

[Event "Team 45 45 League T52"]
[Site "Internet Chess Club"]
[Date "2012.02.20"]
[Round "1"]
[White "Docvan"]
[Black "KidRattler"]
[Result "1-0"]
[WhiteElo "1193"]
[BlackElo "1413"]
[Opening "King's gambit"]
[ECO "C30"]
[Time "19:54:40"]
[TimeControl "2700+45"]

1. e4 e5 2. f4 Nc6 3. Nf3 d6 4. Bc4 Bg4 5. O-O Nd4 6. Bxf7+ Kxf7 7. Ng5+ Ke8 8.
Qxg4 Nxc2 9. Ne6 Qd7 10. fxe5 dxe5 11. Rxf8+ Ke7 12. Rxa8 Qd6 13. Qxg7+ Kxe6 14.
Re8+ Ne7 15. Qxh8 Qd4+ 16. Kh1 Qc4 17. Qf8 Kd6 18. Qf6+ Kc5 19. Qf2+ Nd4 20. Na3
Qa4 21. Rxe7 Kb6 22. Re6+ c6 23. b3 Qa6 24. Nc4+ Kb5 25. Rxe5+ Kb4 26. Ba3+ Qxa3
27. Qxd4 b5 28. Nd6+ Ka5 29. Qxa7+ Kb4 30. Qxa3+ Kxa3 31. Rc1 b4 32. Rxc6 h5 33.
Rxh5 Kb2 34. Nc4+ Ka1 35. Rf5 Kxa2 36. Rf3 Ka1 37. Ra6+ Kb1 38. Rf1+ Kc2 39. Rf3
Kd1 40. Ra2 Ke2 41. d4+ Ke1 42. Kg1 Kd1 43. Rf1# {Black checkmated} 1-0

[Event "Team 45 45 League T52"]
[Site "Internet Chess Club"]
[Date "2012.02.17"]
[Round "1"]
[White "SirIvanhoe"]
[Black "tryanything"]
[Result "1/2-1/2"]
[WhiteElo "1480"]
[BlackElo "1606"]
[Opening "Bishop's opening/Petrov: Urusov gambit"]
[ECO "C24"]
[Time "18:01:51"]
[TimeControl "2700+45"]

1. e4 e5 2. Bc4 Nf6 3. d4 exd4 4. Nf3 d5 5. exd5 Bb4+ 6. Bd2 Bxd2+ 7. Qxd2 O-O
8. O-O Nxd5 9. Qxd4 Be6 10. Nc3 Nxc3 11. Qxc3 Bxc4 12. Qxc4 Nc6 13. Rad1 Qf6 14.
c3 Rac8 15. Rd7 Ne5 16. Nxe5 Qxe5 17. Rfd1 b6 18. Qd5 Qxd5 19. R1xd5 f6 20. Re7
Rf7 21. Rdd7 Rxe7 22. Rxe7 Kf8 23. Rd7 Re8 24. Kf1 Re7 25. Rd2 {Game drawn by
mutual agreement} 1/2-1/2

[Event "Team 45 45 League T52"]
[Site "Internet Chess Club"]
[Date "2012.02.16"]
[Round "1"]
[White "nanning"]
[Black "LeanSixSigma"]
[Result "1-0"]
[WhiteElo "1517"]
[BlackElo "1395"]
[Opening "Queen's pawn game, Chigorin variation"]
[ECO "A04"]
[Time "14:00:15"]
[TimeControl "2700+45"]

1. Nf3 Nc6 2. d4 d5 3. c4 Bg4 4. Qb3 Bxf3 5. exf3 Na5 6. Qa4+ c6 7. cxd5 Qxd5 8.
Nc3 Qe6+ 9. Be3 b6 10. Bd3 Nf6 11. O-O Nd5 12. Nxd5 Qxd5 13. Rac1 Rc8 14. Be4
Qd6 15. b4 Nc4 16. Rxc4 b5 17. Bxc6+ Rxc6 18. Qxb5 Kd7 19. d5 {Black resigns}
1-0

[Event "Team 45 45 League T52"]
[Site "Internet Chess Club"]
[Date "2012.02.17"]
[Round "1"]
[White "drsigmund1"]
[Black "JohLeb"]
[Result "1/2-1/2"]
[WhiteElo "1425"]
[BlackElo "1427"]
[Opening "Sicilian: closed"]
[ECO "B23"]
[Time "19:57:35"]
[TimeControl "2700+45"]

1. e4 c5 2. Nc3 d6 3. f4 Nc6 4. Bb5 a6 5. Bxc6+ bxc6 6. Nf3 d5 7. d4 e6 8. e5 f6
9. O-O cxd4 10. Qxd4 c5 11. Qf2 d4 12. Ne4 Bb7 13. Nfd2 f5 14. Ng5 Bd5 15. c4
dxc3 16. bxc3 c4 17. Kh1 Nh6 18. Ndf3 Be7 19. h3 O-O 20. Nd4 Bxg5 21. fxg5 Nf7
22. Qg3 g6 23. Ba3 Re8 24. h4 Kg7 25. h5 Nxg5 26. h6+ Kf7 27. Qe3 Ne4 28. Nf3
Ng3+ 29. Kg1 Nxf1 30. Rxf1 Bxf3 31. Qxf3 Qd5 32. Qg3 Qa5 33. Bd6 Rg8 34. Qg5 Qd8
35. Qf4 Rc8 36. Rb1 g5 37. Rb7+ Kg6 38. Qh2 g4 39. g3 Qg5 40. Re7 Qc1+ 41. Kg2
Qd2+ 42. Kh1 Qxh2+ 43. Kxh2 Rh8 44. Rxe6+ Kf7 45. Re7+ Kg6 46. Re6+ Kf7 47. Re7+
Kg6 48. Re6+ Kf7 {Game drawn by repetition} 1/2-1/2

[Event "Team 45 45 League T52"]
[Site "Internet Chess Club"]
[Date "2012.02.21"]
[Round "1"]
[White "theartist"]
[Black "lawth3"]
[Result "0-1"]
[WhiteElo "1210"]
[BlackElo "1165"]
[Opening "Bogo-Indian defense, Grünfeld variation"]
[ECO "E11"]
[Time "12:31:42"]
[TimeControl "2700+45"]

1. d4 Nf6 2. c4 e6 3. Nf3 Bb4+ 4. Nbd2 Nc6 5. a3 Be7 6. b4 O-O 7. Bb2 b6 8. Qc2
h6 9. e4 d6 10. Bd3 e5 11. d5 Nb8 12. h3 Nbd7 13. O-O-O a5 14. Bc3 Ba6 15. b5
Bb7 16. a4 Nc5 17. Be2 Nh5 18. Nxe5 Nf4 19. Nf1 Nxe2+ 20. Qxe2 dxe5 21. Qa2 Nxe4
22. Be1 Bg5+ 23. Kb1 Bc8 24. f3 Nd6 25. Nd2 Bf5+ 26. Kc1 e4 27. Bh4 e3 28. Bxg5
Qxg5 29. Rdg1 exd2+ 30. Qxd2 Qxd2+ 31. Kxd2 Nxc4+ 32. Kc3 Ne5 33. Kd4 f6 34. Rc1
Rac8 35. f4 Nd7 36. g4 Bh7 37. Ra1 Nc5 38. Kc4 Rfd8 39. Rhd1 Rd6 40. f5 g6 41.
Re1 Kf7 42. fxg6+ Bxg6 43. Ra3 Re8 44. Rd1 Re4+ 45. Rd4 Rxd4+ 46. Kxd4 h5 47. g5
f5 48. Ke5 Ne4 49. h4 Rd7 50. Rd3 Ke8 51. Rd4 Rf7 {White forfeits on time} 0-1

[Event "Team 45 45 League T52"]
[Site "Internet Chess Club"]
[Date "2012.02.19"]
[Round "1"]
[White "sdcohle"]
[Black "skyflower"]
[Result "0-1"]
[WhiteElo "1363"]
[BlackElo "1520"]
[Opening "French: advance, Nimzovich system"]
[ECO "C02"]
[Time "16:00:22"]
[TimeControl "2700+45"]

1. e4 e6 2. d4 d5 3. e5 c5 4. Nf3 Nc6 5. b3 Qb6 6. c3 Nge7 7. Bd3 cxd4 8. O-O
dxc3 9. Nxc3 a6 10. Be3 Qc7 11. Bf4 Ng6 12. Bxg6 hxg6 13. Rc1 Bc5 14. Re1 Ba7
15. a3 b5 16. b4 Bb7 17. Ne2 Qd7 18. Ned4 Nxd4 19. Nxd4 O-O 20. Re2 Rac8 21.
Rec2 Rxc2 22. Rxc2 Rc8 23. Be3 Bxd4 24. Bxd4 Rxc2 25. Qxc2 Qc6 26. Qc5 Qxc5 27.
Bxc5 f6 28. f4 Kf7 29. g3 g5 30. Bd4 gxf4 31. gxf4 Kg6 32. Kg2 Kf5 33. Kg3 Ke4
34. exf6 gxf6 35. Bxf6 d4 36. h4 Ke3 37. h5 Be4 38. Bg5 Ke2 39. f5 Bxf5 40. Kf4
d3 41. Ke5 d2 42. Bxd2 Kxd2 43. Kf6 Kc3 44. h6 Kb3 45. Kg7 Kxa3 46. h7 Bxh7 47.
Kxh7 e5 48. Kg6 e4 49. Kf5 e3 50. Kf4 e2 51. Kf3 e1=Q 52. Kf4 Kxb4 53. Kf5 a5
54. Kf4 a4 55. Kg4 a3 56. Kf3 a2 57. Kf4 a1=Q 58. Kf3 Qa2 59. Kf4 Qaf2+ 60. Kg4
Qeg1+ 61. Kh3 Qfh2# {White checkmated} 0-1

[Event "Team 45 45 League T52"]
[Site "Internet Chess Club"]
[Date "2012.02.19"]
[Round "1"]
[White "jjaillet2007"]
[Black "smsxman"]
[Result "1-0"]
[WhiteElo "1384"]
[BlackElo "1443"]
[Opening "QGD: exchange, positional line"]
[ECO "D35"]
[Time "10:02:24"]
[TimeControl "2700+45"]

1. d4 d5 2. c4 e6 3. Nc3 Nf6 4. cxd5 exd5 5. Bg5 Be7 6. e3 Nc6 7. Bd3 Bd7 8. Nf3
a6 9. O-O O-O 10. Re1 Nb4 11. Bb1 Re8 12. a3 Nc6 13. Qd3 g6 14. Bxf6 Bxf6 15.
Nxd5 Bg7 16. e4 Bg4 17. Ne5 Nxe5 18. dxe5 Bxe5 19. Nc3 Qh4 20. h3 Be6 21. Ba2
Rad8 22. Qf3 Qf4 23. Qxf4 Bxf4 24. Bxe6 fxe6 25. Red1 Bd6 26. g3 Rf8 27. b4 Rb8
28. f4 Be7 29. e5 Rfe8 30. Ne4 b6 31. Rd7 Rbc8 32. Nf6+ Bxf6 33. exf6 Rf8 34.
Rg7+ Kh8 35. Rd1 Rg8 36. Rdd7 Rxg7 37. Rxg7 c5 38. bxc5 bxc5 39. Re7 c4 40. f7
Kg7 41. Re8 Kxf7 42. Rxc8 {Black resigns} 1-0

[Event "Team 45 45 League T52"]
[Site "Internet Chess Club"]
[Date "2012.02.19"]
[Round "1"]
[White "chicopee-ed"]
[Black "arconia"]
[Result "0-1"]
[WhiteElo "1310"]
[BlackElo "1313"]
[Opening "Queen's pawn"]
[ECO "A40"]
[Time "10:00:34"]
[TimeControl "2700+45"]

1. d4 e6 2. Nf3 d6 3. Nc3 Nf6 4. Bg5 Be7 5. e3 O-O 6. Bd3 b6 7. Bxf6 Bxf6 8. Be4
d5 9. Bd3 c5 10. Be2 Nc6 11. O-O Bb7 12. Re1 e5 13. Nd2 exd4 14. exd4 a6 15.
dxc5 bxc5 16. Bf3 Ne5 17. Be2 Bg5 18. Nf3 f6 19. Nb1 d4 20. c3 d3 21. Nxe5 fxe5
22. Qxd3 e4 23. Qc4+ Kh8 24. Qxc5 Qf6 25. Bg4 e3 26. Rxe3 Qxf2+ {White resigns}
0-1

[Event "Team 45 45 League T52"]
[Site "Internet Chess Club"]
[Date "2012.02.19"]
[Round "1"]
[White "bmw2002"]
[Black "Berke"]
[Result "1-0"]
[WhiteElo "1616"]
[BlackElo "1605"]
[Opening "English opening"]
[ECO "A10"]
[Time "05:05:23"]
[TimeControl "2700+45"]

1. c4 d6 2. g3 e6 3. Bg2 f5 4. Nc3 Nf6 5. d4 Be7 6. f4 c6 7. Nf3 O-O 8. O-O Ne4
9. Qc2 Nxc3 10. bxc3 Nd7 11. e4 fxe4 12. Qxe4 Nf6 13. Qd3 Rb8 14. Re1 b5 15. Ng5
e5 {Black resigns} 1-0

[Event "Team 45 45 League T52"]
[Site "Internet Chess Club"]
[Date "2012.02.16"]
[Round "1"]
[White "otib2006"]
[Black "bookseller"]
[Result "0-1"]
[WhiteElo "1312"]
[BlackElo "1602"]
[Opening "King's Indian: East Indian defense"]
[ECO "A48"]
[Time "10:01:15"]
[TimeControl "2700+45"]

1. d4 Nf6 2. Nf3 g6 3. e3 Bg7 4. Bd3 O-O 5. c3 d6 6. O-O Nbd7 7. Nbd2 e5 8. dxe5
dxe5 9. Qe2 Qe7 10. e4 Nh5 11. b4 Nf4 12. Qe1 Nxd3 13. Qe3 Nxc1 14. Rfxc1 Nf6
15. a4 Ne8 16. c4 Bg4 17. c5 Bxf3 18. Nxf3 Nf6 19. Rd1 Rfd8 20. Rdc1 b6 21. Rc2
bxc5 22. Rxc5 Ne8 23. Rac1 Rd7 24. b5 Rad8 25. h3 Rd1+ 26. Rxd1 Rxd1+ 27. Kh2
Qd6 28. Rc6 Qd3 29. Qxa7 Qxe4 30. Qb8 Qf4+ 31. g3 Qxf3 32. Qxe8+ Bf8 33. Rxg6+
hxg6 34. Qxf8+ Kxf8 35. h4 Rh1# {White checkmated} 0-1

[Event "Team 45 45 League T52"]
[Site "Internet Chess Club"]
[Date "2012.02.20"]
[Round "1"]
[White "AlPearson"]
[Black "Elalfer"]
[Result "0-1"]
[WhiteElo "1271"]
[BlackElo "1372"]
[Opening "English opening"]
[ECO "A20"]
[Time "10:18:34"]
[TimeControl "2700+45"]

1. c4 e5 2. g3 Nf6 3. Bg2 d5 4. cxd5 Nxd5 5. Nc3 Nb6 6. Nf3 Nc6 7. O-O Be6 8. b3
Qd7 9. Bb2 O-O-O 10. a4 Na5 11. Nxe5 Qxd2 12. Qxd2 Rxd2 13. Rab1 Bxb3 14. Bh3+
Kb8 15. Bc1 Rc2 16. Bb2 f6 17. Rfd1 Bb4 18. Bf5 Rxb2 19. Rxb2 Bxc3 20. Nd7+ Nxd7
21. Rxd7 Bxb2 22. Rxg7 h5 23. Rd7 Bxa4 24. Rd2 Bc3 25. Rd3 Be5 26. Ra3 b5 27. f4
Bd6 28. Ra2 h4 29. e4 Nc4 30. Be6 a6 31. Bxc4 bxc4 32. Rxa4 hxg3 33. hxg3 Kb7
34. Rxc4 a5 35. Rc2 a4 36. Re2 a3 37. e5 fxe5 38. fxe5 Be7 39. Kf2 Rh2+ 40. Kf3
Rxe2 41. Kxe2 a2 42. g4 a1=Q 43. Kf3 Qxe5 44. Kg2 c5 45. Kf3 c4 46. Kg2 c3 47.
Kf3 c2 48. Kg2 c1=Q 49. Kf3 Qee3+ 50. Kg2 Qcg1# {White checkmated} 0-1

[Event "Team 45 45 League T52"]
[Site "Internet Chess Club"]
[Date "2012.02.20"]
[Round "1"]
[White "tamky70"]
[Black "Ostap-Bender"]
[Result "1-0"]
[WhiteElo "1422"]
[BlackElo "1386"]
[Opening "Sicilian: closed"]
[ECO "B24"]
[Time "20:00:56"]
[TimeControl "2700+45"]

1. e4 c5 2. Nc3 Nc6 3. g3 e6 4. Bg2 d6 5. d3 Nf6 6. f4 e5 7. f5 a6 8. Bh3 b5 9.
Bd2 c4 10. Be3 Bb7 11. Qd2 Be7 12. Nf3 cxd3 13. cxd3 O-O 14. O-O Rc8 15. Bg2 Ng4
16. h3 Nxe3 17. Qxe3 Nb4 18. Rfc1 Qd7 19. a3 Nc6 20. Nd5 Qd8 21. h4 Na5 22. Rxc8
Qxc8 23. Rc1 Qd8 24. Rc7 Bxd5 25. Rxe7 Qxe7 26. exd5 Qc7 27. h5 h6 28. f6 Rc8
29. Nh4 Qc1+ 30. Qxc1 Rxc1+ 31. Kh2 Nb7 32. Kh3 gxf6 33. Nf5 Kh7 34. Be4 Kg8 35.
Nxh6+ Kf8 36. Nf5 Ke8 37. h6 Kd7 38. h7 Rc8 39. Nh6 Ke7 40. Ng8+ Kd7 41. Bf5+
{Black resigns} 1-0

[Event "Team 45 45 League T52"]
[Site "Internet Chess Club"]
[Date "2012.02.16"]
[Round "1"]
[White "KidRattler"]
[Black "vjbaker"]
[Result "1-0"]
[WhiteElo "1435"]
[BlackElo "1273"]
[Opening "English: Bremen, reverse dragon"]
[ECO "A22"]
[Time "19:30:04"]
[TimeControl "2700+45"]

1. c4 e5 2. Nc3 Nf6 3. g3 d5 4. cxd5 Nxd5 5. Bg2 Be6 6. e4 Nf6 7. Nf3 Bc5 8. O-O
Qd3 9. Nxe5 Qd8 10. Nf3 O-O 11. d4 Bb6 12. Be3 c6 13. Qc2 Qd7 14. Rfd1 Rd8 15.
Ne5 Qc8 16. Nf3 Bh3 17. Bg5 Qg4 18. e5 Nbd7 19. exf6 Nxf6 20. Bxf6 gxf6 21. Ne4
Qf5 22. Nh4 Qe6 23. Bxh3 Qxh3 24. Nxf6+ Kg7 25. Nh5+ Kg8 26. Qd2 Rd6 27. Qg5+
Rg6 28. Nxg6 hxg6 29. Nf4 Qh7 30. d5 cxd5 31. Nxd5 Kg7 32. Qf6+ Kg8 33. Nxb6
axb6 34. Rd8+ Rxd8 35. Qxd8+ Kg7 36. Qxb6 Qh5 37. Qxb7 Qe2 38. Qb3 Kg8 39. a4
Kf8 40. Qc3 f5 41. a5 Qa6 42. Rc1 Qb5 43. Qc5+ Qxc5 44. Rxc5 g5 45. a6 g4 46. a7
f4 47. a8=Q+ Ke7 48. Qe4+ Kd7 49. Qd5+ Ke7 50. Rc7+ Kf6 51. Rc6+ Ke7 52. Qd6+
Ke8 53. Rc8+ Kf7 54. Rc7+ Ke8 55. Qe7# {Black checkmated} 1-0

[Event "Team 45 45 League T52"]
[Site "Internet Chess Club"]
[Date "2012.02.18"]
[Round "1"]
[White "Goldenberg"]
[Black "Skylab"]
[Result "1-0"]
[WhiteElo "1432"]
[BlackElo "1330"]
[Opening "Sicilian: Alapin's variation (2.c3)"]
[ECO "B22"]
[Time "19:00:07"]
[TimeControl "2700+45"]

1. e4 c5 2. c3 Nf6 3. e5 Nd5 4. d4 e6 5. Nf3 cxd4 6. cxd4 Nc6 7. Be2 Qa5+ 8. Bd2
Bb4 9. O-O O-O 10. a3 Bxd2 11. Qxd2 Qxd2 12. Nbxd2 f6 13. exf6 Nxf6 14. Nb3 d6
15. Rfe1 Re8 16. Bb5 Bd7 17. Bxc6 Bxc6 18. Rac1 Bxf3 19. gxf3 e5 20. dxe5 dxe5
21. Rc5 e4 22. fxe4 Nxe4 23. Rc7 b6 24. Rc4 Nf6 25. Rxe8+ Rxe8 26. Rc7 Ra8 27.
Nd4 Nd5 28. Rd7 Nf6 29. Rb7 Ne8 30. Nc6 Nd6 31. Rxa7 Rc8 32. Ne7+ Kf8 33. Nxc8
Nxc8 34. Ra8 {Black resigns} 1-0

[Event "Team 45 45 League T52"]
[Site "Internet Chess Club"]
[Date "2012.02.18"]
[Round "1"]
[White "kingsrook"]
[Black "moodle"]
[Result "1-0"]
[WhiteElo "1316"]
[BlackElo "1152"]
[Opening "Queen's pawn game, Chigorin variation"]
[ECO "D02"]
[Time "19:00:11"]
[TimeControl "2700+45"]

1. d4 d5 2. Nf3 Nc6 3. e3 Nf6 4. c3 Bg4 5. Nbd2 e6 6. Bd3 Bd6 7. O-O O-O 8. Re1
e5 9. h3 Bxf3 10. gxf3 Re8 11. dxe5 Nxe5 12. Bb1 Qd7 13. Kg2 Nc4 14. Nxc4 dxc4
15. Qd4 Re5 16. e4 Rh5 17. Rh1 b5 18. Be3 c5 19. Qd2 b4 20. Bc2 Qe6 21. Rad1 Ne8
22. Ba4 Qg6+ 23. Kf1 a5 24. Bxe8 Rxe8 25. Qxd6 Qxd6 26. Rxd6 a4 27. a3 bxa3 28.
bxa3 h6 29. Kg2 Rb8 30. Ra1 Rb3 31. Bd2 Re5 32. Rd8+ Kh7 33. Kg3 g5 34. Rd5 Re6
35. Rxc5 Rd6 36. Rd5 Rc6 37. Kg4 Kg6 38. e5 h5+ 39. Kg3 h4+ 40. Kg4 f5+ 41. exf6
Rxf6 42. Bxg5 Re6 43. Bxh4 Rxc3 44. Rg5+ Kf7 45. Rc5 Rg6+ 46. Rg5 Rxg5+ 47. Bxg5
Rb3 48. h4 c3 49. Kf5 c2 50. h5 Rb1 51. Ra2 c1=Q 52. Bxc1 Rxc1 53. Kg5 Rg1+ 54.
Kf5 Kg7 55. f4 Kh6 56. f3 Kxh5 57. Rh2# {Black checkmated} 1-0

[Event "Team 45 45 League T52"]
[Site "Internet Chess Club"]
[Date "2012.02.17"]
[Round "1"]
[White "irock2011"]
[Black "Fulmar"]
[Result "0-1"]
[WhiteElo "1279"]
[BlackElo "1271"]
[Opening "French: advance, Paulsen attack"]
[ECO "C02"]
[Time "10:02:54"]
[TimeControl "2700+45"]

1. e4 e6 2. d4 d5 3. e5 c5 4. c3 Nc6 5. Nf3 Qb6 6. Be3 Be7 7. Qc2 Nh6 8. Bd3 Nf5
9. Bxf5 exf5 10. Nbd2 cxd4 11. cxd4 Nb4 12. Qb3 Qc7 13. O-O Bd7 14. Rac1 Qb6 15.
Rc3 Rc8 16. Rfc1 Rxc3 17. Qxc3 Nxa2 18. Qc2 Nxc1 19. Qxc1 O-O 20. Ng5 h6 21.
Ngf3 g5 22. Nf1 Rc8 23. Qd2 f4 24. Bxf4 gxf4 25. Qxf4 Qg6 26. Nh4 Bxh4 27. Qxh4
Bb5 28. Qf4 Qg5 29. Qf3 Rc1 30. g3 Rxf1+ 31. Kg2 Re1 32. Qc3 Qc1 33. Qxc1 Rxc1
34. Kf3 Rb1 35. Ke3 Rxb2 36. Kf3 Rb3+ 37. Kg2 Kg7 38. Kh3 Bd7+ 39. Kg2 f6 40.
Kg1 fxe5 41. dxe5 Kf7 42. Kf1 d4 43. Ke2 d3+ 44. Kd2 Rb2+ 45. Kd1 Rxf2 46. h3 d2
47. h4 Ba4# {White checkmated} 0-1

[Event "Team 45 45 League T52"]
[Site "Internet Chess Club"]
[Date "2012.02.17"]
[Round "1"]
[White "Cicero"]
[Black "drsigmund1"]
[Result "0-1"]
[WhiteElo "1312"]
[BlackElo "1425"]
[Opening "Queen's pawn game"]
[ECO "D04"]
[Time "15:00:48"]
[TimeControl "2700+45"]

1. d4 d5 2. Nf3 Nf6 3. e3 c6 4. Bd3 Bg4 5. Nbd2 Nbd7 6. c3 e5 7. dxe5 Nxe5 8.
Qc2 Nxd3+ 9. Qxd3 Be7 10. O-O O-O 11. Re1 Re8 12. Ne5 Bh5 13. Ndf3 Ne4 14. c4 f6
15. cxd5 Nc5 16. Qc4 b5 17. d6+ bxc4 {White resigns} 0-1

[Event "Team 45 45 League T52"]
[Site "Internet Chess Club"]
[Date "2012.02.18"]
[Round "1"]
[White "Patzer4Life"]
[Black "IanT"]
[Result "1-0"]
[WhiteElo "1469"]
[BlackElo "1462"]
[Opening "Giuoco Piano"]
[ECO "C50"]
[Time "00:02:54"]
[TimeControl "2700+45"]

1. e4 e5 2. Nf3 Nc6 3. Bc4 Bc5 4. d4 exd4 5. O-O d6 6. c3 dxc3 7. Qb3 Qe7 8.
Nxc3 Be6 9. Bxe6 Qxe6 10. Qxb7 Rd8 11. Qxc6+ Rd7 12. Nd5 Bb6 13. Bg5 f6 14. Be3
Ne7 15. Qa8+ Rd8 16. Bxb6 Nxd5 17. Qxd5 Qxd5 18. exd5 axb6 19. Rfe1+ Kf7 20. Nd4
Rhe8 21. Rxe8 Rxe8 22. Kf1 Re5 23. Ne6 Rxd5 24. Nxc7 Rd2 25. b3 Ke7 26. Nb5 Ke6
27. Ke1 Rd3 28. Ke2 Rd5 29. Nc7+ Ke5 30. Nxd5 Kxd5 31. a4 Kc5 32. Kd2 Kd4 33. a5
bxa5 34. Rxa5 Ke4 35. Ra7 g6 36. Rxh7 f5 37. Rc7 d5 38. b4 f4 39. b5 f3 40.
gxf3+ Kxf3 41. b6 Kxf2 42. b7 Kg2 43. b8=Q Kxh2 44. Rc5+ Kh3 45. Rxd5 g5 46.
Rd3+ Kh4 47. Qg3+ Kh5 48. Qh3+ Kg6 49. Rg3 Kf6 50. Rxg5 Kxg5 51. Ke3 Kf6 52. Kf4
Kg6 53. Qg4+ Kh6 54. Kf5 Kh7 55. Kf6 Kh8 56. Qg7# {Black checkmated} 1-0

[Event "Team 45 45 League T52"]
[Site "Internet Chess Club"]
[Date "2012.02.17"]
[Round "1"]
[White "lawth3"]
[Black "dblackw2"]
[Result "1/2-1/2"]
[WhiteElo "1145"]
[BlackElo "1083"]
[Opening "Queen's gambit declined"]
[ECO "D30"]
[Time "20:00:36"]
[TimeControl "2700+45"]

1. d4 e6 2. c4 d5 3. Nf3 c6 4. Bf4 f5 5. e3 Nf6 6. Nc3 Bd6 7. Bxd6 Qxd6 8. g3 b6
9. a3 a5 10. b4 axb4 11. axb4 Rxa1 12. Qxa1 Qxb4 13. Nd2 O-O 14. Bg2 dxc4 15.
O-O b5 16. Rb1 Qd6 17. Nf3 Nbd7 18. Re1 Nd5 19. Ne2 h6 20. Nh4 g5 21. Nf3 Nb4
22. Qb1 Nd3 23. Rd1 Nf6 24. Ne5 Nxe5 25. dxe5 Qxe5 26. Bxc6 Nd5 27. Qxb5 Nxe3
28. Qxe5 Nxd1 29. Qd4 Nxf2 30. Qxf2 Rd8 31. Qc5 Rd1+ 32. Kf2 Ba6 33. Bb5 Rd5 34.
Qxc4 Bxb5 35. Qc8+ Kf7 36. Qb7+ Bd7 37. Qc7 Ke7 38. Nc3 Rd6 39. Qc5 g4 40. Nb5
Bxb5 41. Qxb5 Rd2+ 42. Kg1 Rd1+ 43. Kf2 Rd2+ 44. Kg1 Rd1+ 45. Kf2 Rd2+ 46. Ke3
Rxh2 47. Qc5+ Kf7 48. Qc7+ Kf6 49. Qc3+ Kf7 50. Qc1 Kg6 51. Qg1 Rb2 52. Qh1 Rb3+
53. Kf2 Rb2+ 54. Ke3 Rb3+ 55. Kf2 Rb2+ 56. Ke3 Rb3+ 57. Kf2 {Game drawn by
repetition} 1/2-1/2

[Event "Team 45 45 League T52"]
[Site "Internet Chess Club"]
[Date "2012.02.19"]
[Round "1"]
[White "wildangels"]
[Black "Macovitski"]
[Result "0-1"]
[WhiteElo "958"]
[BlackElo "1102"]
[Opening "Scandinavian: Pytel-Wade variation"]
[ECO "B01"]
[Time "09:01:43"]
[TimeControl "2700+45"]

1. e4 d5 2. exd5 Qxd5 3. Nc3 Qd6 4. d4 Nf6 5. Nf3 a6 6. Be2 b5 7. O-O Bb7 8. Be3
Nbd7 9. Ng5 h6 10. Nf3 e6 11. a3 Be7 12. Bd3 c5 13. Ne2 Rc8 14. c4 Bxf3 15. Bf4
Bxe2 16. Bxd6 Bxd1 17. Raxd1 Bxd6 18. cxb5 axb5 19. Rc1 c4 20. Be2 O-O 21. Bf3
e5 22. Bb7 Rb8 23. Ba6 exd4 24. h3 Nc5 25. Rcd1 Nxa6 26. Rxd4 Rbd8 27. Rfd1 Bc7
28. h4 Rxd4 29. Rxd4 Re8 30. g3 Be5 31. Rd1 Bxb2 32. Kg2 Bxa3 33. f3 c3 34. Ra1
b4 35. g4 Rc8 36. g5 hxg5 37. hxg5 Nd5 38. Kg3 c2 39. Rh1 c1=Q 40. Rxc1 Rxc1 41.
Kg4 Rc4+ 42. Kf5 Kf8 43. Ke5 Rc5 44. Kd4 Ke7 45. Ke4 Ke6 46. f4 Nxf4 47. Kxf4
Re5 48. Kg4 Re4+ 49. Kh5 g6+ 50. Kh6 f6 51. Kxg6 fxg5 52. Kxg5 Re5+ 53. Kf4 Kf6
54. Kf3 Kf5 55. Kf2 Re4 56. Kf3 Ke5 57. Kf2 Kf4 58. Kf1 Kf3 59. Kg1 Re2 60. Kf1
Rc2 61. Ke1 Ke3 62. Kd1 Rh2 63. Ke1 Rh1# {White checkmated} 0-1

[Event "Team 45 45 League T52"]
[Site "Internet Chess Club"]
[Date "2012.02.18"]
[Round "1"]
[White "chicopee-ed"]
[Black "pereelcoix"]
[Result "0-1"]
[WhiteElo "1327"]
[BlackElo "1225"]
[Opening "Queen's pawn game"]
[ECO "D04"]
[Time "14:00:52"]
[TimeControl "2700+45"]

1. d4 d5 2. Nf3 Nf6 3. e3 Bg4 4. c4 e6 5. h3 Bh5 6. Nc3 Bb4 7. g4 Bg6 8. Ne5 Be4
9. Qa4+ Nc6 10. Nxc6 Bxc3+ 11. Bd2 Bxd2+ 12. Kxd2 bxc6 13. Qxc6+ Nd7 14. f3 Bxf3
15. Rh2 O-O 16. Bg2 Bxg2 17. Rxg2 dxc4 18. Qxc4 Nf6 19. Ke2 Qd5 20. Qxd5 Nxd5
21. Rc1 Rab8 22. b3 a5 23. Kf3 Rfc8 24. Rc4 Rb4 25. Rc6 a4 26. bxa4 Rxa4 27. Rb2
Ra3 28. Ke4 Rxe3# {White checkmated} 0-1

[Event "Team 45 45 League T52"]
[Site "Internet Chess Club"]
[Date "2012.02.19"]
[Round "1"]
[White "sockmonkey"]
[Black "arconia"]
[Result "1-0"]
[WhiteElo "1345"]
[BlackElo "1298"]
[Opening "Lengfellner system"]
[ECO "C01"]
[Time "15:00:07"]
[TimeControl "2700+45"]

1. d4 e6 2. e4 d6 3. Nf3 a6 4. Bd3 Nf6 5. Bg5 Be7 6. Nbd2 Nbd7 7. O-O e5 8. c3
Nh5 9. Bxe7 Qxe7 10. Nxe5 Qg5 11. Ndf3 Qf6 12. Nc4 Nf4 13. e5 dxe5 14. dxe5 Qh6
15. Re1 Nc5 16. Bc2 O-O 17. b4 Nce6 18. Ne3 Ng5 19. Bf5 Bxf5 20. Nxf5 Ngh3+ 21.
gxh3 Qxh3 22. N3h4 g5 23. Re3 Qxh4 24. Nxh4 gxh4 25. Qg4+ Ng6 26. f4 Kh8 27. f5
Rg8 28. Qe4 Nxe5+ 29. Kf1 Ng4 30. Qd4+ f6 31. Rh3 Rg5 32. Qf4 Rag8 33. Rxh4 Ne5
34. Qe3 Rxf5+ 35. Rf4 Ng4 36. Qh3 Rxf4+ 37. Kg2 Ne3+ 38. Kh1 Ng4 39. Rf1 Nf2+
40. Rxf2 Rxf2 41. a4 Ra2 42. Qf1 f5 43. Qb1 Rag2 44. Qf1 Rc2 45. h4 Rxc3 46.
Qxf5 Rc1+ 47. Kh2 Rcg1 48. Qf6+ R1g7 49. h5 h6 50. Qxh6+ Rh7 51. Qf6+ Rhg7 52.
h6 Kh7 53. hxg7 Rxg7 54. Qh4+ Kg6 55. Qe4+ Kf6 56. Qxb7 Rh7+ 57. Kg3 Rg7+ 58.
Kf4 Rf7 59. Qxa6+ Ke7+ 60. Ke5 Kd8 61. Ke6 Re7+ 62. Kf6 Kd7 63. Qb5+ c6 64. Qb7+
{Black resigns} 1-0